 Dungeon Crawl Stone Soup version 0.24-a0-355-gbe4061de67 (console) character file.

Game seed: 7119510658779508110

518 Voker57 the Skirmisher (level 7, -6/56 HPs)
             Began as a Demonspawn Wanderer on May 24, 2019.
             Mangled by an ogre
             ... wielding a cursed +0 giant spiked club
              (25 damage)
             ... on level 4 of the Dungeon.
             The game lasted 00:06:48 (3507 turns).

Voker57 the Skirmisher (Demonspawn Wanderer)        Turns: 3507, Time: 00:06:49

Health: -6/56      AC:  6    Str: 22    XL:     7   Next: 1%
Magic:  3/11       EV: 14    Int: 10    God:
Gold:   100        SH:  0    Dex: 20    Spells: 11/12 levels left

rFire    + . .     SeeInvis .   c - +0 spear
rCold    . . .     Gourm    .   (no shield)
rNeg     . . .     Faith    .   n - +1 ring mail "Molenepno" {*Corrode rF+ Regen+ Dex+6}
rPois    .         Spirit   .   (no helmet)
rElec    .         Reflect  .   (no cloak)
rCorr    .         Harm     .   (no gloves)
MR       .....                  (no boots)
Stlth    ++........             (no amulet)
HPRegen  0.58/turn              l - +6 ring of strength
MPRegen  0.12/turn              (no ring)

@: lethally poisoned (-6 -> -6), very slightly contaminated
A: powered by death 1, spiny 1
a: no special abilities


You were on level 4 of the Dungeon.
You were near starving.

You visited 1 branch of the dungeon, and saw 4 of its levels.
You also visited: Ossuary.

You collected 100 gold pieces.

Inventory:

Hand Weapons
 a - a +1 club
 c - a +0 spear (weapon)
 f - a +0 dagger
Missiles
 p - 7 boomerangs (quivered)
Armour
 d - a +0 robe
 e - a +0 leather armour
 n - the +1 ring mail "Molenepno" (worn) {*Corrode rF+ Regen+ Dex+6}
   (You found it on level 4 of the Dungeon)

   It affects your dexterity (+6).
   It protects you from fire.
   It increases your rate of regeneration.
   It may corrode you when you take damage.
Jewellery
 l - a +6 ring of strength (left hand)
Scrolls
 h - a scroll of amnesia
 j - 2 scrolls of enchant weapon
 k - 2 scrolls of remove curse
 o - a scroll of teleportation
 q - a scroll of enchant armour {unknown}
 u - a scroll of blinking {unknown}
 w - a scroll of magic mapping
 x - a scroll of identify
Potions
 b - a potion of brilliance
 i - a potion of flight {unknown}
 m - a potion of heal wounds {unknown}
 r - 2 potions of curing
 s - a potion of ambrosia {unknown}
 t - 4 potions of lignification {unknown}
 v - a potion of mutation {unknown}
Comestibles
 g - 2 rations


   Skills:
 + Level 5.0 Fighting
 + Level 4.5 Dodging
 - Level 1.7 Stealth
 - Level 3.0 Spellcasting
   Level 3.0 Hexes
   Level 1.0 Charms
   Level 1.0 Summonings


You had 11 spell levels left.
You knew the following spells:

 Your Spells              Type           Power        Failure   Level  Hunger
a - Sting                 Conj/Pois      #...         41%         1    #......

Your spell library contained the following spells:

 Spells                   Type           Power        Failure   Level  Hunger
 Corona                   Hex            #......      13%         1    #......
 Ensorcelled Hibernation  Hex/Ice        #.....       36%         2    ###....
 Confuse                  Hex            #.......     36%         3    ###....
 Tukima's Dance           Hex            #.......     36%         3    ###....
 Beastly Appendage        Tmut           #.....       41%         1    #......
 Poisonous Vapours        Pois/Air       #.....       56%         2    ###....
 Sticks to Snakes         Tmut           #.......     56%         2    ###....
 Dazzling Spray           Conj/Hex       #.....       58%         3    ###....
 Conjure Flame            Conj/Fire      #.......     80%         3    ###....
 Mephitic Cloud           Conj/Pois/Air  #.......     80%         3    ###....
 Spider Form              Tmut/Pois      #.........   80%         3    ###....
 Ice Form                 Ice/Tmut       #.......     99%         4    #####..
 Blade Hands              Tmut           #.........   100%        5    ######.
 Freezing Cloud           Conj/Ice/Air   #.........   100%        6    #######
 Ring of Flames           Chrm/Fire      #.........   100%        7    #######


Dungeon Overview and Level Annotations

Branches:
Dungeon (4/15)
 Temple: D:4-7

Altars:
Qazlal
Wu Jian
Xom


Innate Abilities, Weirdness & Mutations

You regenerate a little health from kills.
You are partially covered in sharp spines.


Message History

The ogre is lightly wounded.
You feel sick.
Casting: Sting (safe; 41% risk of failure)
Confirm with . or Enter, or press ? or * to list all spells.
Aiming: Sting (safe; 41% risk of failure)
Press: ? - help, Shift-Dir - straight line, f/p - ogre
Aim: an ogre, wielding a +0 giant spiked club (lightly wounded, poisoned)
The sting hits the ogre.
The ogre looks even sicker.
The ogre is moderately wounded.
The ogre is struck by your spines.
The ogre hits you with a cursed +0 giant spiked club!!
Casting: Sting (safe; 41% risk of failure)
Confirm with . or Enter, or press ? or * to list all spells.
Aiming: Sting (safe; 41% risk of failure)
Press: ? - help, Shift-Dir - straight line, f/p - ogre
Aim: an ogre, wielding a +0 giant spiked club (heavily wounded, poisoned)
The sting hits the ogre.
The ogre looks as sick as possible!
The ogre is heavily wounded.
The ogre hits you with a cursed +0 giant spiked club!!
You die...

**,**,,**####.# *,...,,**,*
*>,,,** #.<..######.#*,**,*
****** #.#..........*,**,*
#.#........#,*,,,,*
#...รท......#,******
###......>.#,* ####
######.......)#,* ...##
#....#........#,******
....###......(#####...,,,,,*
..#..##....#...O@.#...,,,,,*
.###....#....####.......,,,*
##.##.....#### *##.....,,,*
#...##..### *,.?..,,,*
##.#'...# *,,...,,,*
,###....# *,,,..,,,*
,,#..#### *,<,,.,,,* ,...##
*,,,,,,,,* ..##* **********
..*


You could see an ogre.

Vanquished Creatures
  3 water moccasin zombies (Ossuary)
  An orc priest (D:3)
  An iguana (D:4)
  A hound skeleton (D:4)
  2 mummies (Ossuary)
  3 gnolls (D:2)
  11 adders
  9 adder zombies (Ossuary)
  3 worms (D:3)
  A dart slug (D:3)
  7 orcs
  A ball python (D:1)
  4 giant cockroaches
  4 gnoll zombies (Ossuary)
  7 goblins
  9 hobgoblins
  6 jackals (D:3)
  7 kobolds
  2 quokkas
  2 bats (D:1)
  8 frilled lizards
  5 hobgoblin zombies (Ossuary)
  5 kobold zombies (Ossuary)
  8 orc zombies (Ossuary)
  3 rats
113 creatures vanquished.

Notes
Turn   | Place    | Note
-------+----------+-------------------------------------------
     0 | D:1      | Voker57 the Demonspawn Wanderer began the quest for the
                  | Orb.
     0 | D:1      | Voker57 set off with the following items: a +0 club, a
                  | potion of curing, a +0 robe, a +0 dagger, a ration; and the
                  | following spells available to memorise: Corona, Ensorcelled
                  | Hibernation, Confuse, Tukima's Dance, Sting, Dazzling
                  | Spray, Spider Form
     0 | D:1      | Reached XP level 1. HP: 13/13 MP: 4/4
     2 | D:1      | Learned a level 1 spell: Sting
   395 | D:1      | Reached skill level 1 in Fighting
   637 | D:2      | Reached skill level 1 in Dodging
   637 | D:2      | Gained mutation: You are partially covered in sharp spines.
                  | [demonic ancestry]
   637 | D:2      | Reached XP level 2. HP: 21/21 MP: 4/6
   691 | D:2      | Found an ornate altar of the Wu Jian Council.
   814 | D:2      | Reached XP level 3. HP: 11/27 MP: 4/7
   820 | D:2      | Reached skill level 2 in Fighting
  1094 | D:2      | Found a shimmering altar of Xom.
  1268 | D:2      | Reached XP level 4. HP: 34/34 MP: 0/8
  1431 | D:2      | HP: 1/34 [gnoll/+0 spear (8)]
  1771 | D:3      | Found a stormy altar of Qazlal.
  2048 | D:3      | Reached skill level 3 in Fighting
  2235 | D:3      | Gained mutation: You regenerate a little health from kills.
                  | [demonic ancestry]
  2235 | D:3      | Reached XP level 5. HP: 35/41 MP: 2/9
  3053 | D:4      | Reached skill level 4 in Fighting
  3121 | D:4      | Got a crude ring mail
  3150 | D:4      | Reached XP level 6. HP: 45/48 MP: 10/10
  3166 | D:4      | Found a sand-covered staircase.
  3171 | Ossuary  | Entered an ossuary
  3182 | Ossuary  | Identified the +1 ring mail "Molenepno" {*Corrode rF+
                  | Regen+ Dex+6} (You found it on level 4 of the Dungeon)
  3408 | Ossuary  | Reached skill level 5 in Fighting
  3503 | D:4      | Reached XP level 7. HP: 47/56 MP: 7/11
  3507 | D:4      | Mangled by an ogre

Levels and vault maps discovered:
D:1:      minmay_arrival_checkered_box, layout_rooms,
          chequers_serial_rivers_micro_d
D:2:      layout_rooms, nicolae_overflow_hidden_temple, tgw_xom
D:3:      layout_basic, nicolae_qazlal_general_emergency
D:4:      layout_rooms, enter_ossuary_5, minmay_cut_off

Skill      XL: |  1  2  3  4  5  6 |
---------------+-------------------+-----
Fighting       | 1 2 3 4 5 |  5.0
Dodging        | 1 2 3 4 |  4.5
Stealth        | |  1.7
Spellcasting   | |  3.0
Hexes          | |  3.0
Charms         | |  1.0
Summonings     | |  1.0

Action                   |  1- 3 |  4- 6 |  7- 9 || total
-------------------------+-------+-------+-------++-------
Melee: Club              |    37 |     3 |       ||    40
       Spear             |       |   206 |       ||   206
 Cast: Sting             |    30 |    83 |     4 ||   117
  Use: Scroll            |     5 |     5 |       ||    10
       Potion            |     2 |     3 |       ||     5
 Stab: Sleeping          |       |     4 |       ||     4
  Eat: Chunk             |     2 |     8 |       ||    10
Armor: Robe              |    10 |       |       ||    10
       Leather armour    |     4 |    14 |       ||    18
       Ring mail         |       |    24 |       ||    24
Dodge: Dodged            |    31 |   136 |       ||   167

Table legend:
 A = Non-vault XP
 B = Vault XP
 C = Vault XP percentage of total XP
 D = Non-vault monster count
 E = Vault monster count
 F = Vault count percentage of total count
                 A         B        C        D         E       F
            +---------+---------+-------+---------+---------+-------
      Total |     368 |     372 |  50.3 |      70 |      43 |  38.1
            +---------+---------+-------+---------+---------+-------
        D:1 |      11 |       0 |   0.0 |       7 |       0 |   0.0
        D:2 |      85 |      33 |  28.0 |      16 |       7 |  30.4
        D:3 |     198 |       0 |   0.0 |      41 |       0 |   0.0
        D:4 |      74 |       0 |   0.0 |       6 |       0 |   0.0
    Ossuary |       0 |     339 | 100.0 |       0 |      36 | 100.0
            +---------+---------+-------+---------+---------+-------
